 Dungeon Crawl Stone Soup version 0.17.1-3-g152610e (webtiles) character file.

476 SpunkyGob the Sneak (level 7, -1/40 HPs)
             Began as a Kobold Wanderer on Mar 2, 2016.
             Was an Initiate of Nemelex Xobeh.
             Killed from afar by an orc wizard (2 damage)
             ... with a puff of frost
             ... on level 4 of the Dungeon.
             The game lasted 00:17:17 (3961 turns).

SpunkyGob the Sneak (Kobold Wanderer)               Turns: 3961, Time: 00:17:17

Health: -1/40      AC: 11    Str: 10    XL:     7   Next: 32%
Magic:  8/8        EV: 16    Int:  8    God:    Nemelex Xobeh [......]
Gold:   164        SH:  0    Dex: 20    Spells: 0 memorised, 8 levels left

rFire  + . .     SeeInvis .     t - +2 hand axe (drain)
rCold  . . .     Clarity  .     b - +0 ring mail
rNeg   . . .     SustAt   .     (shield restricted)
rPois  .         Gourm    .     (no helmet)
rElec  .         Spirit   .     (no cloak)
rCorr  +         Warding  .     (no gloves)
rMut   .         Stasis   .     s - +2 pair of boots
MR     .....                    r - amulet of resist corrosion
Stlth  +++.......               o - +1 ring of slaying
                                k - +3 ring of protection

@: not resistant to hostile enchantments, fairly stealthy
A: carnivore 3, fire resistance 1
a: Renounce Religion


You were on level 4 of the Dungeon.
You worshipped Nemelex Xobeh.
Nemelex Xobeh was noncommittal.
You were completely stuffed.

You visited 2 branches of the dungeon, and saw 5 of its levels.

You collected 164 gold pieces.

Inventory:

Hand Weapons
 a - a +0 dagger
 t - a +2 hand axe of draining (weapon)
 z - a +0 hunting sling
Missiles
 q - 15 poisoned needles
 A - 26 sling bullets
 B - 44 stones (quivered)
Armour
 b - a +0 ring mail (worn)
 s - a +2 pair of boots (worn)
 u - a +0 buckler
Jewellery
 k - a +3 ring of protection (left hand)
 o - a +1 ring of slaying (right hand)
 r - an amulet of resist corrosion (around neck)
Wands
 j - a wand of digging (9)
Scrolls
 e - 2 scrolls of identify
 f - a scroll of teleportation {unknown}
 g - 2 scrolls of blinking {unknown}
 h - a scroll of recharging {unknown}
 m - a scroll of fog {unknown}
 n - a scroll of enchant weapon {unknown}
 p - 4 scrolls of remove curse
 v - 5 scrolls of amnesia
 y - 2 scrolls of enchant armour {unknown}
Potions
 c - 2 potions of lignification
 i - a potion of brilliance
 w - a potion of heal wounds
Miscellaneous
 x - a plain deck of destruction
 C - a plain deck of war
Comestibles
 d - 2 meat rations
 l - 2 royal jellies


   Skills:
 - Level 2.1 Fighting
 * Level 4.0 Short Blades
 - Level 2.6 Axes
 - Level 1.1 Throwing
 - Level 5.2 Dodging
 + Level 6.2 Stealth
 - Level 1.0 Spellcasting
   Level 2.0 Poison Magic
 * Level 1.2 Evocations


You had 8 spell levels left.
You didn't know any spells.

Dungeon Overview and Level Annotations

Branches:
Dungeon (4/15)             Temple (1/1) D:4

Altars:
Ashenzari
Cheibriados
Elyvilon
Nemelex Xobeh
Okawaru
Qazlal
Sif Muna
Trog
Vehumet
Yredelemnul
The Shining One


Innate Abilities, Weirdness & Mutations

You are small and have problems with some larger weapons.
You are carnivorous and can eat meat at any time.
Your flesh is heat resistant.


Message History

The orc wizard points at you and mumbles some strange words.
The magic dart hits you!
* * * LOW HITPOINT WARNING * * *
Unknown command.
The orc wizard hits you but does no damage.
The orc wizard casts a cantrip, but nothing happens.
The orc wizard gestures at you while chanting.
The puff of frost hits you!
* * * LOW HITPOINT WARNING * * *
The orc wizard gestures wildly while chanting.
The orc wizard flickers and vanishes!
Deactivating autopickup; reactivate with Ctrl-A.
Found 11 gold pieces.
A puff of flame appears from out of thin air!
The puff of flame hits you! You resist.
* * * LOW HITPOINT WARNING * * *
A puff of frost appears from out of thin air!
The puff of frost hits you!
You die...
Your body disappears without a glow.

#.##.########
##
#o##.##...%. .
#.##.##.#.# #
#.........# #
###o#.....# #
#.#.#..## #
#.#.#o.# ####
#.#.#.o# #...
#@#.#..# #.##
#.#.#o.# #.#
#.#.#.o# #.#
#.#.#oo## #.#
#.#
.....######.#
#.o
...#.....##.##
###
..............
.........#...(
..##.###....##


You could see an orc wizard (wandering) and an orc.

Vanquished Creatures
  An ogre (D:4)
  2 orc priests (D:3)
  A giant frog skeleton (D:4)
  5 orc wizards
  6 adders
  A worm (D:3)
  21 orcs
  7 giant cockroaches
  8 hobgoblins
  10 jackals
  2 quokkas
  A ball python (D:1)
  4 bats
  4 giant newts
  9 goblins
  6 kobolds
  7 rats
95 creatures vanquished.

Notes
Turn   | Place    | Note
--------------------------------------------------------------
     0 | D:1      | SpunkyGob the Kobold Wanderer began the quest for the Orb.
     0 | D:1      | SpunkyGob set off with: a +2 hand axe, a +0 ring mail, a potion of lignification, a meat ration
     0 | D:1      | Reached XP level 1. HP: 12/12 MP: 2/2
   134 | D:1      | Reached skill level 1 in Dodging
   224 | D:1      | Reached skill level 1 in Stealth
   224 | D:1      | Reached XP level 2. HP: 14/17 MP: 3/3
   323 | D:1      | You fall through a shaft!
   480 | D:2      | Reached XP level 3. HP: 21/21 MP: 4/4
  1283 | D:2      | Reached XP level 4. HP: 24/26 MP: 5/5
  1392 | D:2      | Reached skill level 3 in Stealth
  1493 | D:3      | Found a stormy altar of Qazlal.
  1724 | D:3      | Gained mutation: Your flesh is heat resistant. [potion of beneficial mutation]
  1907 | D:3      | Reached XP level 5. HP: 30/30 MP: 6/6
  2032 | D:3      | Reached skill level 4 in Stealth
  2122 | D:3      | Found a deep blue altar of Sif Muna.
  2789 | D:3      | Reached skill level 5 in Stealth
  2789 | D:3      | Reached XP level 6. HP: 32/35 MP: 7/7
  2838 | D:3      | Reached skill level 1 in Short Blades
  2869 | D:3      | Identified Sif Muna's Almanac of Unholy Secrets (You found it on level 3 of the Dungeon)
  3438 | D:4      | Reached skill level 5 in Dodging
  3438 | D:4      | Reached skill level 6 in Stealth
  3438 | D:4      | Reached XP level 7. HP: 35/40 MP: 8/8
  3734 | D:4      | Found a staircase to the Ecumenical Temple.
  3752 | Temple   | Entered the Ecumenical Temple
  3760 | Temple   | Became a worshipper of Nemelex Xobeh the Trickster
  3916 | D:4      | Received a gift from Nemelex Xobeh
  3916 | D:4      | Received a gift from Nemelex Xobeh
  3960 | D:4      | HP: 1/40 [something/puff of flame (6)]
  3961 | D:4      | Killed from afar by an orc wizard

Action                   |  1- 3 |  4- 6 |  7- 9 || total
-------------------------+-------+-------+-------++-------
Melee: Hand axe          |    88 |   184 |    35 ||   307
 Fire: Hunting sling     |       |     4 |       ||     4
Evoke: Wand              |       |     2 |       ||     2
  Use: Scroll            |       |     6 |       ||     6
       Potion            |       |     1 |       ||     1
 Stab: Sleeping          |     2 |     7 |     1 ||    10
       Distracted        |       |     2 |       ||     2
  Eat: Chunk             |     9 |     8 |     1 ||    18
